 Dungeon Crawl Stone Soup version 0.31-a0-1626-g5cb510d322 (webtiles) character file.

Game seed: 2794435690049768297

15816 anacleto the Mimic (level 12, 0/265 HPs)
             Began as a Troll Shapeshifter on Jan 12, 2024.
             Was an Elder of the Shining One (penitent).
             Killed from afar by an orc wizard (7 damage)
             ... with a magic dart
             ... on level 2 of the Orcish Mines.
             The game lasted 00:45:33 (12567 turns).

anacleto the Mimic (Troll Shapeshifter)            Turns: 12567, Time: 00:45:34

Health: 0/265      AC: 26    Str: 35    XL:     12   Next: 4%
Magic:  0/11       EV:  1    Int:  6    God:    the Shining One [****..]
Gold:   814        SH:  0    Dex:  9    Spells: 11/11 levels left

rFire   . .          .
                       - Unarmed
rCold   . . .        (no shield)
rNeg    + + .        T - melded +0 troll leather armour
rPois   +            (helmet currently unavailable)
rElec   .            P - melded scarf {harm}
rCorr   +            (gloves unavailable)
SInv    .            (boots unavailable)
Will    .....        C - amulet of guardian spirit Stlth
                     S - +6 ring of strength
HPRegen 1.44/turn    h - ring of resist corrosion
MPRegen 0.12/turn

%: guardian spirit
@: berserking, tree-form, very quick
A: stationary, stasis, torment immunity, boosted hp, large, unfitting armour,
(claws 3), regeneration 1, (shaggy fur 1), (tough skin 1)
a: Renounce Religion


You were on level 2 of the Orcish Mines.
You worshipped the Shining One.
The Shining One was demanding penance.
You were a tree.
You visited 3 branches of the dungeon, and saw 14 of its levels.

You collected 1185 gold pieces.
You spent 371 gold pieces at shops.

Inventory:

Missiles
 a - 12 poisoned darts
 i - 12 boomerangs (quivered)
 t - 4 large rocks
 J - 2 throwing nets
 O - 3 javelins
 R - 6 curare-tipped darts
Armour
 G - a +0 tower shield
 N - a +1 cloak of willpower
 P - a scarf of harm (melded)
 T - a +0 troll leather armour (melded)
Jewellery
 h - a ring of resist corrosion (right branch)
 y - a ring of wizardry
 C - an amulet of guardian spirit (around neck)
 I - a ring of see invisible
 S - a +6 ring of strength (left branch)
Talismans
 c - a beast talisman (active)
 d - a flux talisman
 z - a dragon-blood talisman
Wands
 u - a wand of polymorph (8)
 B - a wand of flame (5)
Scrolls
 f - 3 scrolls of poison
 g - a scroll of enchant armour
 o - 2 scrolls of fog
 p - a scroll of immolation {unknown}
 r - 2 scrolls of amnesia {unknown}
 v - 2 scrolls of noise {unknown}
 A - 7 scrolls of vulnerability
 D - 3 scrolls of enchant weapon
 E - a scroll of blinking {unknown}
 K - a scroll of silence {unknown}
Potions
 e - 3 potions of magic
 m - 2 potions of haste {unknown}
 n - 3 potions of brilliance
 q - 2 potions of berserk rage
 s - 3 potions of attraction {unknown}
 w - a potion of might {unknown}
 x - 2 potions of heal wounds {unknown}
 F - a potion of ambrosia {unknown}
 L - 3 potions of degeneration {unknown}
 M - 2 potions of cancellation {unknown}
Miscellaneous
 Q - a lightning rod (inert)


   Skills:
 + Level 7.4 Fighting
 + Level 8.0 Throwing
 + Level 1.8 Dodging
 + Level 9.4 Unarmed Combat
 + Level 0.7 Invocations
 * Level 11.9 Shapeshifting


You had 11 spell levels left.
You didn't know any spells.
Your spell library contained the following spells:

 Spells                   Type           Power      Damage    Failure   Level
 Apportation              Tloc           0%         N/A       45%         1
 Blink                    Tloc           0%         N/A       58%         2
 Jinxbite                 Hex            0%         N/A       58%         2
 Lesser Beckoning         Tloc           0%         N/A       58%         2
 Momentum Strike          Conj/Tloc      0%         3d8       58%         2
 Gell's Gravitas          Tloc           0%         N/A       83%         3
 Teleport Other           Tloc           0%         N/A       83%         3
 Alistair's Intoxication  Alch           0%         N/A       100%        5


Dungeon Overview and Level Annotations

Branches:
Dungeon (11/15)            Temple (1/1) D:5            Lair (0/5) D:9
    Orc (2/2) D:10            Elf (0/3) Orc:2

Altars:
Ashenzari
Cheibriados
Dithmenos
Elyvilon
Fedhas
Gozag
Hepliaklqana
Kikubaaqudgha
Makhleb
Nemelex Xobeh
Okawaru
Qazlal
Ru
Sif Muna
Trog
Uskayaw
Vehumet
Wu Jian
Xom
Yredelemnul
Zin
The Shining One

Shops:
D:5 *   D:8 [   D:9 (   D:10 *??   Orc:2 !!

Portals:
Abyss: Orc:1

Annotations:
D:10 2 transporters, Zonian's ghost, journeyman FeSu
Orc:1 2 transporters, Vaucseu's ghost, journeyman MiFi


Innate Abilities, Weirdness & Mutations

You are a tree.
Your roots penetrate the ground, keeping you stationary.
You cannot be teleported.
You are immune to unholy pain and torment.
Your maximum health is greatly increased.
Your equipment is partially melded.
You are too large for most types of armour.
((You have claws for hands.))
Your natural rate of healing is unusually fast.
((You are covered in fur. (AC +1)))
((You have tough skin. (AC +1)))


Message History

The centaur wields a +0 orcbow.
The centaur shoots an arrow.
The arrow hits you but does no damage. The centaur completely misses you.
The centaur kicks you but does no damage.
The orc warrior unwields a +0 glaive.
The orc warrior wields a +0 orcbow.
The orc warrior shoots an arrow.
The arrow hits you.
* * * LOW HITPOINT WARNING * * *
The orc hits your butterfly with a +0 trident.
Your butterfly dies!
Your butterfly disappears in a burst of colours!
The centaur hits you but does no damage.
The centaur kicks you but does no damage.
The orc shoots an arrow.
The arrow hits you but does no damage.
The orc unwields a +0 hand axe.
The orc wields a +0 orcbow.
The orc shoots an arrow.
The arrow hits you.
* * * LOW HITPOINT WARNING * * *
You are too berserk!
Smack: -) Branches
Press: ? - help, Dir - move target, f/p - centaur
Aim: a centaur (moderately wounded, ally target, about 24% to evade your branches)
You pummel the centaur!!
You kill the centaur!
The kobold blastminer unwields a +0 arbalest.
The kobold blastminer completely misses your butterfly.
The centaur shoots an arrow.
The arrow hits you but does no damage.
The kobold blastminer closely misses your butterfly.
The centaur hits you but does no damage.
The centaur kicks you but does no damage.
The orc warrior unwields a +0 glaive.
The orc warrior wields a +0 orcbow.
The orc warrior shoots an arrow.
The arrow hits you but does no damage.
Smack: -) Branches
Press: ? - help, Dir - move target, f - kobold blastminer
Aim: a kobold blastminer, wielding a +0 arbalest (about 45% to evade your branches)
You miss the kobold blastminer.
The centaur hits you but does no damage.
The centaur kicks you but does no damage.
The orc warrior unwields a +0 orcbow.
The orc warrior wields a +0 glaive.
The orc warrior closely misses your butterfly.
The orc wizard casts a spell at you. The magic dart hits you!
You die...

##...# ...≈≈#
≈..........##..
..≈≈≈#
≈≈..b......b#..
≈≈≈≈#
≈≈≈≈b.........
≈≈##
#≈bb≈b..b..# .
≈####...
###≈≈bb..o..#..
o.....∩.
.b...KKoc......
......∩.
..o.bbcoKo.....
≈####...
#bb≈b♣cb..# ≈≈#
# #≈≈≈≈bc....#
≈≈≈≈
≈≈≈≈bob.....b..
..≈≈≈
≈≈.....oo.o.#..
...≈≈#
≈...bO.....## .
##...#
..##..##..## .
... ... ....
....


You could see 3 kobold blastminers, 4 orc warriors, an ogre, 4 centaurs, an orc
wizard (ally target) and 4 orcs.

Vanquished Creatures
  2 orc warlords (Orc:1)
  A two-headed ogre (D:10)
  Sonja (D:10)
  2 orc knights
  Pikel (D:8)
  A cyclops (D:9)
  A kobold blastminer (Orc:1)
  A hornet (D:9)
  4 trolls
  2 raiju (D:9)
  Sigmund (D:4)
  A wraith (D:11)
  A vampire (D:10)
  A fire bat (D:10)
  5 yaks
  A steam dragon (D:8)
  Edmund (D:4)
  2 acid dragons (D:10)
  A hell hound (D:10)
  A water moccasin (D:8)
  32 orc warriors
  Pargi (D:4)
  4 ice beasts
  2 sky beasts
  3 ogres
  10 centaurs
  A phantom (D:6)
  A lemure (D:8)
  A kobold brigand (D:9)
  2 bullfrogs
  2 scorpions
  3 gnoll sergeants (D:8)
  3 wights (D:8)
  7 killer bees
  3 howler monkeys
  4 electric eels (D:9)
  2 bombardier beetles
  4 hounds
  2 jellies (D:8)
  20 orc priests
  2 gnoll boudas (D:7)
  17 orc wizards
  3 sleepcaps
  21 gnolls
  6 adders
  A shadow imp (D:7)
  4 dart slugs
  3 ribbon worms
  46 orcs
  4 endoplasms
  4 giant cockroaches
  5 goblins
  5 hobgoblins
  7 jackals
  10 kobolds
  4 quokkas
  10 ball pythons
  3 bats
  3 frilled lizards
  9 rats
305 creatures vanquished.

Notes
Turn   | Place    | Note
-------+----------+-------------------------------------------
     0 | D:1      | anacleto the Troll Shapeshifter began the quest for the
                  | Orb.
     0 | D:1      | Reached XP level 1. HP: 18/18 MP: 0/0
    49 | D:1      | Reached skill level 1 in Fighting
    67 | D:1      | Reached XP level 2. HP: 27/27 MP: 1/1
   101 | D:1      | Found a faded altar of an unknown god.
   299 | D:1      | Reached XP level 3. HP: 33/33 MP: 2/2
   522 | D:2      | Found a radiant altar of Vehumet.
   643 | D:2      | Reached XP level 4. HP: 41/41 MP: 3/3
  1072 | D:3      | Reached skill level 4 in Shapeshifting
  1120 | D:3      | Reached skill level 1 in Throwing
  1151 | D:3      | Found a broken altar of Ashenzari.
  1207 | D:3      | Reached XP level 5. HP: 38/49 MP: 4/4
  1571 | D:4      | Found a blossoming altar of Fedhas.
  1579 | D:4      | Noticed Pargi
  1590 | D:4      | Killed Pargi
  1591 | D:4      | Found a basalt altar of Yredelemnul.
  1656 | D:4      | Reached XP level 6. HP: 57/57 MP: 5/5
  1679 | D:4      | Noticed Sigmund
  1700 | D:5      | Entered Level 5 of the Dungeon
  1700 | D:5      | Found a staircase to the Ecumenical Temple.
  1706 | Temple   | Entered the Ecumenical Temple
  1711 | Temple   | Became a worshipper of the Shining One
  1952 | D:5      | Noticed an ice beast
  1968 | D:5      | Killed an ice beast
  2141 | D:5      | Reached skill level 5 in Shapeshifting
  2330 | D:5      | Found Hoejudosk's Assorted Antiques.
  2346 | D:5      | Bought a scroll labelled BETEUN VOUMYC for 26 gold pieces
  2486 | D:4      | Noticed Edmund
  2542 | D:4      | Reached XP level 7. HP: 60/66 MP: 6/6
  2722 | D:4      | Killed Edmund
  3009 | D:4      | Killed Sigmund
  3010 | D:4      | Reached skill level 5 in Unarmed Combat
  3010 | D:4      | Reached skill level 6 in Shapeshifting
  3323 | D:6      | Found an opulent altar of Gozag.
  3361 | D:6      | Identified the +6 sling "Zus Guru" {drain, rCorr}
  3453 | D:6      | Reached XP level 8. HP: 69/75 MP: 7/7
  4057 | D:7      | Reached * piety under the Shining One
  4071 | D:7      | Reached skill level 7 in Shapeshifting
  4322 | D:7      | Reached XP level 9. HP: 85/85 MP: 8/8
  5030 | D:8      | Found Gorugeuw's Armour Shop.
  5208 | D:8      | Reached skill level 8 in Shapeshifting
  5232 | D:8      | Noticed Pikel
  5609 | D:8      | Identified the +7 whip "Raaptips" {vamp, rN+}
  5613 | D:8      | Killed Pikel
  5614 | D:8      | Reached skill level 5 in Fighting
  5614 | D:8      | Reached skill level 5 in Throwing
  5701 | D:8      | Found a bloodstained altar of Trog.
  5962 | D:8      | Reached ** piety under the Shining One
  6204 | D:8      | Reached skill level 9 in Shapeshifting
  6204 | D:8      | Reached XP level 10. HP: 90/96 MP: 9/9
  6460 | D:9      | Found a staircase to the Lair.
  6486 | D:9      | Found Teghaewk's Weapon Shoppe.
  6662 | D:5      | Bought an embroidered cloak for 195 gold pieces
  7286 | D:9      | Found a hide-covered altar of Uskayaw.
  7385 | D:9      | Noticed a cyclops
  7390 | D:9      | Killed a cyclops
  7815 | D:10     | Entered Level 10 of the Dungeon
  7815 | D:10     | Noticed Sonja
  7848 | D:10     | Killed Sonja
  7849 | D:10     | Reached skill level 10 in Shapeshifting
  7973 | D:10     | Found Vomit's Magic Scroll Shop.
  7975 | D:10     | Found Wiwec's Magic Scroll Shop.
  7977 | D:10     | Found Heyge's General Store.
  7983 | D:10     | Bought a scroll of identify for 30 gold pieces
  7983 | D:10     | Bought a scroll of identify for 30 gold pieces
  7983 | D:10     | Bought a scroll of teleportation for 45 gold pieces
  8058 | D:10     | Found a staircase to the Orcish Mines.
  8134 | D:10     | Noticed a moth of wrath
  8134 | D:10     | Noticed Zonian's ghost (journeyman FeSu)
  8148 | D:10     | Found a transporter.
  8166 | D:10     | Found a transporter.
  8406 | D:10     | Found a shimmering altar of Xom.
  8541 | D:10     | Noticed a two-headed ogre
  8548 | D:10     | Killed a two-headed ogre
  8549 | D:10     | Reached XP level 11. HP: 107/107 MP: 10/10
  9294 | D:11     | Noticed a red ugly thing
  9392 | Orc:1    | Entered Level 1 of the Orcish Mines
  9810 | Orc:1    | Found a transporter.
  9883 | Orc:1    | Found the +3 giant club "Skullcrusher" {speed, Str+7}
  9886 | Orc:1    | Noticed an orc warlord
  9889 | Orc:1    | Found a one-way gate to the infinite horrors of the Abyss.
  9956 | Orc:1    | Noticed Vaucseu's ghost (journeyman MiFi)
  9966 | Orc:1    | Noticed an orc warlord
  9966 | Orc:1    | Reached *** piety under the Shining One
 10413 | Orc:1    | Found a transporter.
 10619 | Orc:1    | Reached skill level 11 in Shapeshifting
 10649 | Orc:1    | Noticed an orc warlord
 10660 | Orc:1    | Killed an orc warlord
 10693 | Orc:1    | Noticed an orc knight
 10717 | Orc:1    | Killed an orc knight
 11139 | Orc:1    | Noticed a cyan very ugly thing
 11209 | D:10     | Bought a scroll of teleportation for 45 gold pieces
 11286 | Orc:1    | Killed an orc warlord
 11466 | Orc:1    | Noticed a thrashing horror
 11655 | Orc:2    | Entered Level 2 of the Orcish Mines
 11868 | Orc:2    | Noticed an orc knight
 11880 | Orc:2    | Killed an orc knight
 12295 | Orc:2    | Found a staircase to the Elven Halls.
 12369 | Orc:2    | Reached XP level 12. HP: 118/118 MP: 11/11
 12513 | Orc:2    | Reached **** piety under the Shining One
 12532 | Orc:2    | Found Hoti's Distillery.
 12532 | Orc:2    | Found Cejeubb's Distillery.
 12562 | Orc:2    | Was placed under penance by the Shining One
 12564 | Orc:2    | HP: 11/265 [centaur/arrow (8)]
 12567 | Orc:2    | Killed from afar by an orc wizard

Illustrated notes

Levels and vault maps discovered:
D:1:      dpeg_arrival_tiny_f, layout_rooms, ebering_ecumenical_altar_rust,
          minmay_ruptured
D:2:      layout_rooms, basic_altar, minmay_misc_feat_ornament
D:3:      layout_rooms, lemuel_crystal_altar
D:4:      layout_basic, mainiacjoe_overflow_large_starburst,
          portal_sewer_entry_a, uniq_edmund, uniq_sigmund, uniq_pargi
D:5:      layout_loops_ring, minmay_temple_entry_ruins, serial_shops,
          kennysheep_little_box
D:6:      layout_cave_pools, mainiacjoe_overflow_small_starburst,
          eino_tiny_chamber
D:7:      layout_layer_cave
D:8:      layout_loops_cross, lightli_temple_of_fire, serial_shops,
          nicolae_shop_gibbet_a_chance, uniq_pikel
D:9:      layout_roguey, nicolae_uskayaw_dance_studio, lair_entry_dummy,
          serial_shops, nicolae_shop_getting_attention,
          nicolae_have_a_lightning_rod
D:10:     layout_long_grid, regret_index_xom_of_box, orc_0_dummy,
          gammafunk_ghost_berserking_beasts, nicolae_shop_distant_corner_stores,
          uniq_sonja
D:11:     layout_loops_ring, minmay_hedge_maze, nicolae_figureground_sparkle,
          uniq_snorg, uniq_nergalle, uniq_lodul
Temple:   minmay_freezing_vapour_temple
Orc:1:    layout_caves, gammafunk_ghost_abyssal_escape, special_room
          [special_room_orc]
Orc:2:    st_orc_rangers, layout_caves

Skill      XL: |  1  2  3  4  5  6  7  8  9 10 11 |
---------------+----------------------------------+-----
Fighting       | 1 2 3 4 5 6 7 |  7.4
Shapeshifting  | 4 5 6 7 9 10 11 | 11.9
Throwing       | 1 2 3 4 5 6 8 |  8.0
Unarmed Combat | 4 5 6 7 8 9 |  9.4
Dodging        | |  1.8
Invocations    | |  0.7

Action                     |  1- 3 |  4- 6 |  7- 9 | 10-12 || total
---------------------------+-------+-------+-------+-------++-------
  Melee: Unarmed           |    85 |    95 |   212 |   192 ||   584
         Punch             |     1 |     3 |    12 |    20 ||    36
  Throw: Javelin           |       |     3 |     4 |     3 ||    10
         Large rock        |       |       |       |     9 ||     9
         Dart              |       |       |       |    27 ||    27
         Boomerang         |       |       |       |   172 ||   172
         Throwing net      |       |       |       |     1 ||     1
 Invoke: Divine Shield     |       |       |       |     4 ||     4
Ability: Begin Untransform |       |       |       |     2 ||     2
  Evoke: Wand              |       |       |    23 |    20 ||    43
         Lightning rod     |       |       |       |    11 ||    11
    Use: Scroll            |       |     4 |     1 |    10 ||    15
         Potion            |       |       |     2 |     6 ||     8
 Armour: Animal skin       |    55 |    90 |   175 |    80 ||   400
         Skin              |       |       |     8 |    70 ||    78
         Troll leather arm |       |       |       |   189 ||   189
  Dodge: Dodged            |    54 |    46 |    96 |   148 ||   344
  Block: Other             |       |       |       |     6 ||     6
   Form: Beast             |       |       |       |     2 ||     2

Table legend: (Time is in decaauts)
 A = Elapsed time spent in this place.
 B = Non-inter-level travel time spent in this place.
 C = Inter-level travel time spent in this place.
 D = Time resting spent in this place.
 E = Time spent auto-exploring this place.
 F = Levels seen in this place.
 G = Mean time per level.
                   A        B        C        D        E       F      G
               +--------+--------+--------+--------+--------+-----+--------+
         Total |  12532 |  10960 |   1572 |   2699 |   5045 |  14 |  895.1 |
       Dungeon |   9762 |   8238 |   1524 |   1512 |   4593 |  11 |  887.5 |
        Temple |     12 |     11 |      1 |      0 |      0 |   1 |   12.0 |
  Orcish Mines |   2756 |   2709 |     47 |   1186 |    452 |   2 | 1378.0 |
               +--------+--------+--------+--------+--------+-----+--------+

Top non-repeatable levels by time:
   Orc:1: 2278 daAuts
     D:9: 1643 daAuts
     D:8: 1406 daAuts
    D:10: 1165 daAuts
     D:5: 1058 daAuts
     D:7: 932 daAuts
     D:6: 922 daAuts
     D:4: 916 daAuts
     D:3: 636 daAuts
     D:2: 543 daAuts
   Orc:2: 478 daAuts
     D:1: 445 daAuts
    D:11: 92 daAuts
  Temple: 12 daAuts
